SL
PHILADEPHIA 1776 BC @ NEW AMSTERDAM REPUBLICS
06/16/2019
 
TOP OF THE 1ST
Philadephia 1776 BC batting - Pitching for New Amsterdam Republics : RHP Andy Coker
Pitching: RHP Andy Coker
Batting: LHB Manuel García 0-0: Swinging Strike
0-1: Ball
1-1: Swinging Strike
1-2: Foul Ball, location: 2F
1-2: Ball
2-2: Ball
3-2: Base on Balls
Batting: SHB Matt Morris 0-0: Ball
1-0: Foul Ball, location: 2F
1-1: Ball
2-1: Foul Ball, location: 2F
2-2: Strikes out looking
Batting: LHB Chris Nelson 0-0: Called Strike
0-1: Swinging Strike
0-2: Fielders Choice at 2nd, 5-4 (Groundball, 56)
Batting: RHB Brian O'Brian 0-0: Swinging Strike
0-1: Ball
1-1: Ball
2-1: Foul Ball, location: 2F
2-2: Ball
3-2: Strikes out swinging
Top of the 1st over - 0 run(s), 0 hit(s), 0 error(s), 1 left on base; Philadephia 1776 0 - New Amsterdam 0
BOTTOM OF THE 1ST
New Amsterdam Republics batting - Pitching for Philadephia 1776 BC : RHP Jeff Territt
Pitching: RHP Jeff Territt
Batting: RHB Doug Reed 0-0: Ground out 4-3 (Groundball, 4M)
Batting: RHB Porter Martínez 0-0: Foul Ball, location: 2F
0-1: Ball
1-1: Ball
2-1: Foul Ball, location: 2F
2-2: Foul Ball, location: 2F
2-2: Strikes out swinging
Batting: LHB Steve Ingram 0-0: Ball
1-0: Ball
2-0: Ball
3-0: Base on Balls
Batting: RHB Carlos Ortega 0-0: Ball
1-0: Ball
Steve Ingram is caught stealing 2nd base
Bottom of the 1st over - 0 run(s), 0 hit(s), 0 error(s), 0 left on base; Philadephia 1776 0 - New Amsterdam 0
TOP OF THE 2ND
Philadephia 1776 BC batting - Pitching for New Amsterdam Republics : RHP Andy Coker
Batting: RHB Yuji Ine 0-0: Ball
1-0: Swinging Strike
1-1: Ball
2-1: Called Strike
2-2: Strikes out swinging
Batting: RHB Toshitsugu Sakamoto 0-0: Called Strike
0-1: Ball
1-1: Swinging Strike
1-2: Foul Ball, location: 2F
1-2: Ball
2-2: Ball
3-2: Strikes out swinging
Batting: RHB Lúcio Montoya 0-0: Ball
1-0: Called Strike
1-1: TRIPLE (Line Drive, 9LM)
Batting: RHB Manny Hernández 0-0: Called Strike
0-1: Foul Ball, location: 2F
0-2: Ball
1-2: Fly out, F9 (Flyball, 9M)
Top of the 2nd over - 0 run(s), 1 hit(s), 0 error(s), 1 left on base; Philadephia 1776 0 - New Amsterdam 0
BOTTOM OF THE 2ND
New Amsterdam Republics batting - Pitching for Philadephia 1776 BC : RHP Jeff Territt
Batting: RHB Carlos Ortega 0-0: Called Strike
0-1: Ground out 5-3 (Groundball, 5L)
Batting: LHB Ken Norman 0-0: Called Strike
0-1: Ball
1-1: Swinging Strike
1-2: Strikes out swinging
Batting: LHB Emílio Barbán 0-0: Ball
1-0: Swinging Strike
1-1: Foul Ball, location: 2F
1-2: Foul Ball, location: 2F
1-2: Ball
2-2: Ball
3-2: Ground out 1-3 (Groundball, 15)
Bottom of the 2nd over - 0 run(s), 0 hit(s), 0 error(s), 0 left on base; Philadephia 1776 0 - New Amsterdam 0
TOP OF THE 3RD
Philadephia 1776 BC batting - Pitching for New Amsterdam Republics : RHP Andy Coker
Batting: RHB Jeff Territt 0-0: Called Strike
0-1: Ball
1-1: Swinging Strike
1-2: Strikes out looking
Batting: LHB Manuel García 0-0: Fly out, F6 (Line Drive, 6MD)
Batting: SHB Matt Morris 0-0: Swinging Strike
0-1: Called Strike
0-2: Foul Ball, location: 2F
0-2: Strikes out swinging
Top of the 3rd over - 0 run(s), 0 hit(s), 0 error(s), 0 left on base; Philadephia 1776 0 - New Amsterdam 0
BOTTOM OF THE 3RD
New Amsterdam Republics batting - Pitching for Philadephia 1776 BC : RHP Jeff Territt
Batting: LHB Stan Lewis 0-0: Foul Ball, location: 2F
0-1: Swinging Strike
0-2: Foul Ball, location: 2F
0-2: Foul Ball, location: 2F
0-2: Foul Ball, location: 2F
0-2: Strikes out looking
Batting: RHB Ronald Shelton 0-0: Fly out, F3 (Popup, 3SF)
Batting: RHB Andy Coker 0-0: Ball
1-0: Foul Ball, location: 2F
1-1: Ball
2-1: Foul Ball, location: 2F
2-2: Fly out, F6 (Line Drive, 6)
Bottom of the 3rd over - 0 run(s), 0 hit(s), 0 error(s), 0 left on base; Philadephia 1776 0 - New Amsterdam 0
TOP OF THE 4TH
Philadephia 1776 BC batting - Pitching for New Amsterdam Republics : RHP Andy Coker
Batting: LHB Chris Nelson 0-0: Foul Ball, location: 2F
0-1: Ball
1-1: Called Strike
1-2: Strikes out looking
Batting: RHB Brian O'Brian 0-0: Ball
1-0: Ball
2-0: Called Strike
2-1: Ball
3-1: Called Strike
3-2: Foul Ball, location: 2F
3-2: Ground out 5-3 (Groundball, 56)
Batting: RHB Yuji Ine 0-0: Called Strike
0-1: Called Strike
0-2: Ball
1-2: Ground out 5-3 (Groundball, 5)
Top of the 4th over - 0 run(s), 0 hit(s), 0 error(s), 0 left on base; Philadephia 1776 0 - New Amsterdam 0
BOTTOM OF THE 4TH
New Amsterdam Republics batting - Pitching for Philadephia 1776 BC : RHP Jeff Territt
Batting: RHB Doug Reed 0-0: Ball
1-0: Foul Ball, location: 2F
1-1: Ball
2-1: Called Strike
2-2: Ground out 6-3 (Groundball, 6)
Batting: RHB Porter Martínez 0-0: Ball
1-0: Called Strike
1-1: Ball
2-1: Foul Ball, location: 2F
2-2: Reached on error, E4 (Groundball, 4M)
Batting: LHB Steve Ingram 0-0: 2-RUN HOME RUN (Line Drive, 9D), Distance : 390 ft
Batting: RHB Carlos Ortega 0-0: Called Strike
0-1: Ball
1-1: Ball
2-1: Swinging Strike
2-2: SOLO HOME RUN (Line Drive, 7D), Distance : 406 ft
Batting: LHB Ken Norman 0-0: Called Strike
0-1: Ball
1-1: Ground out 6-3 (Groundball, 6M)
Batting: LHB Emílio Barbán 0-0: Fly out, F8 (Line Drive, 8LD)
Bottom of the 4th over - 3 run(s), 2 hit(s), 1 error(s), 0 left on base; Philadephia 1776 0 - New Amsterdam 3
TOP OF THE 5TH
Philadephia 1776 BC batting - Pitching for New Amsterdam Republics : RHP Andy Coker
Batting: RHB Toshitsugu Sakamoto 0-0: Called Strike
0-1: Ground out 1-3 (Groundball, 15)
Batting: RHB Lúcio Montoya 0-0: Called Strike
0-1: Ball
1-1: SINGLE (Line Drive, 4D)
Batting: RHB Manny Hernández 0-0: Ball
1-0: Called Strike
1-1: Called Strike
1-2: Strikes out swinging
Batting: RHB Jeff Territt 0-0: Ball
1-0: Called Strike
1-1: Ball
2-1: Foul Ball, location: 2F
2-2: Strikes out swinging
Top of the 5th over - 0 run(s), 1 hit(s), 0 error(s), 1 left on base; Philadephia 1776 0 - New Amsterdam 3
BOTTOM OF THE 5TH
New Amsterdam Republics batting - Pitching for Philadephia 1776 BC : RHP Jeff Territt
Batting: LHB Stan Lewis 0-0: Called Strike
0-1: Ball
1-1: Fly out, F9 (Line Drive, 89S)
Batting: RHB Ronald Shelton 0-0: Called Strike
0-1: Called Strike
0-2: SINGLE (Line Drive, 5D)
Batting: RHB Andy Coker 0-0: Ball
1-0: Sac Bunt - play at second, runner OUT! 1-6
Batting: RHB Doug Reed 0-0: Ball
1-0: Fly out, F8 (Flyball, 8RD)
Bottom of the 5th over - 0 run(s), 1 hit(s), 0 error(s), 1 left on base; Philadephia 1776 0 - New Amsterdam 3
TOP OF THE 6TH
Philadephia 1776 BC batting - Pitching for New Amsterdam Republics : RHP Andy Coker
Batting: LHB Manuel García 0-0: Called Strike
0-1: Ball
1-1: Ball
2-1: Ball
3-1: Foul Ball, location: 2F
3-2: Fly out, F8 (Line Drive, 8RM)
Batting: SHB Matt Morris 0-0: Foul Ball, location: 2F
0-1: Foul Ball, location: 2F
0-2: Strikes out swinging
Batting: LHB Chris Nelson 0-0: Foul Ball, location: 2F
0-1: Called Strike
0-2: Ball
1-2: Foul Ball, location: 2F
1-2: Strikes out swinging
Top of the 6th over - 0 run(s), 0 hit(s), 0 error(s), 0 left on base; Philadephia 1776 0 - New Amsterdam 3
BOTTOM OF THE 6TH
New Amsterdam Republics batting - Pitching for Philadephia 1776 BC : RHP Jeff Territt
Batting: RHB Porter Martínez 0-0: Swinging Strike
0-1: Called Strike
0-2: Strikes out swinging
Batting: LHB Steve Ingram 0-0: Called Strike
0-1: Ball
1-1: Ball
2-1: Ground out U3 (Groundball, 3)
Batting: RHB Carlos Ortega 0-0: Ball
1-0: Ball
2-0: Foul Ball, location: 2F
2-1: Foul Ball, location: 2F
2-2: Strikes out swinging
Bottom of the 6th over - 0 run(s), 0 hit(s), 0 error(s), 0 left on base; Philadephia 1776 0 - New Amsterdam 3
TOP OF THE 7TH
Philadephia 1776 BC batting - Pitching for New Amsterdam Republics : RHP Andy Coker
Batting: RHB Brian O'Brian 0-0: Ball
1-0: Called Strike
1-1: Foul Ball, location: 2F
1-2: Ball
2-2: Ball
3-2: Strikes out swinging
Batting: RHB Yuji Ine 0-0: Ball
1-0: SINGLE (Groundball, 56D)
Batting: RHB Toshitsugu Sakamoto 0-0: Foul Ball, location: 2F
0-1: Ball
1-1: Ball
2-1: Foul Ball, location: 2F
2-2: Strikes out swinging
Batting: RHB Lúcio Montoya 0-0: Ball
1-0: Swinging Strike
1-1: Called Strike
1-2: Ball
2-2: Ball
3-2: Fly out, F5 (Popup, 5SF)
Top of the 7th over - 0 run(s), 1 hit(s), 0 error(s), 1 left on base; Philadephia 1776 0 - New Amsterdam 3
BOTTOM OF THE 7TH
New Amsterdam Republics batting - Pitching for Philadephia 1776 BC : RHP Jeff Territt
Batting: LHB Ken Norman 0-0: Called Strike
0-1: Fly out, F7 (Line Drive, 78M)
Batting: LHB Emílio Barbán 0-0: Foul Ball, location: 2F
0-1: Called Strike
0-2: Foul Ball, location: 2F
0-2: Ball
1-2: Ball
2-2: DOUBLE (Line Drive, 89XD)
Pitching: LHP Jeffrey Little
Now in RF: Chris Lowe
Batting: LHB Stan Lewis 0-0: Foul Ball, location: 2F
0-1: Foul Ball, location: 2F
0-2: Ball
1-2: Strikes out swinging
Pitching: LHP Michael Campbell
Batting: RHB Ronald Shelton 0-0: Called Strike
0-1: SINGLE (Groundball, 56)
Emílio Barbán to third
Runner from 3rd tries for Home, SAFE, no throw or cutoff
Pinch Hitting: RHB José Ramírez 0-0: Ball
1-0: Ball
2-0: Swinging Strike
2-1: Swinging Strike
2-2: Strikes out looking
Bottom of the 7th over - 1 run(s), 2 hit(s), 0 error(s), 1 left on base; Philadephia 1776 0 - New Amsterdam 4
TOP OF THE 8TH
Philadephia 1776 BC batting - Pitching for New Amsterdam Republics : RHP Andy Coker
Pitching: LHP Michael Rondeau
Batting: RHB Manny Hernández 0-0: Ball
1-0: Swinging Strike
1-1: Swinging Strike
1-2: Foul Ball, location: 2F
1-2: Ball
2-2: Foul Ball, location: 2F
2-2: Ball
3-2: Strikes out swinging
Batting: RHB Chris Lowe 0-0: Ball
1-0: Fly out, F9 (Flyball, 89M)
Batting: LHB Manuel García 0-0: Ground out 4-3 (Groundball, 4)
Top of the 8th over - 0 run(s), 0 hit(s), 0 error(s), 0 left on base; Philadephia 1776 0 - New Amsterdam 4
BOTTOM OF THE 8TH
New Amsterdam Republics batting - Pitching for Philadephia 1776 BC : LHP Michael Campbell
Batting: RHB Doug Reed 0-0: Called Strike
0-1: Ball
1-1: Foul Ball, location: 2F
1-2: Ball
2-2: Ball
3-2: Base on Balls
Batting: RHB Porter Martínez 0-0: Ball
1-0: Swinging Strike
1-1: Ball
2-1: Swinging Strike
2-2: Foul Ball, location: 2F
2-2: Strikes out swinging
Doug Reed steals 2nd base
Batter strikes out.
Batting: LHB Steve Ingram 0-0: Ball
1-0: Ball
2-0: Ball
3-0: Called Strike
3-1: Base on Balls
Batting: RHB Carlos Ortega 0-0: Ball
1-0: Called Strike
1-1: Ball
2-1: Fielders Choice at 2nd, 1-6 (Groundball, 25)
Doug Reed to third
Pitching: LHP Jason Dudley
Batting: LHB Ken Norman 0-0: Called Strike
0-1: Foul Ball, location: 2F
0-2: Foul Ball, location: 2F
0-2: Ball
1-2: Strikes out looking
Bottom of the 8th over - 0 run(s), 0 hit(s), 0 error(s), 2 left on base; Philadephia 1776 0 - New Amsterdam 4
TOP OF THE 9TH
Philadephia 1776 BC batting - Pitching for New Amsterdam Republics : LHP Michael Rondeau
Pitching: RHP Gavin Blackburn
Batting: SHB Matt Morris 0-0: Ball
1-0: Ball
2-0: Swinging Strike
2-1: Called Strike
2-2: Foul Ball, location: 2F
2-2: Ball
3-2: Foul Ball, location: 2F
3-2: Strikes out swinging
Batting: LHB Chris Nelson 0-0: Called Strike
0-1: Ball
1-1: Swinging Strike
1-2: Strikes out swinging
Batting: RHB Brian O'Brian 0-0: Called Strike
0-1: Ball
1-1: Called Strike
1-2: Ball
2-2: Foul Ball, location: 2F
2-2: Strikes out looking
Top of the 9th over - 0 run(s), 0 hit(s), 0 error(s), 0 left on base; Philadephia 1776 0 - New Amsterdam 4
This league is powered by Out of the Park Baseball, the baseball management simulation game for PC, Mac and Linux
Saturday, July 25th, 2015 - OOTP Baseball 15.6 Build 34